 Dungeon Crawl Stone Soup version 0.31-a0-222-gefeffbb62a (webtiles) character file.

Game seed: 17224421822158702681

87 qw the Shooter (level 4, 0/36 HPs)
             Began as a Minotaur Hexslinger on July 5, 2023.
             Slain by Natasha (5 damage)
             ... on level 2 of the Dungeon.
             The game lasted 00:00:29 (1151 turns).

qw the Shooter (Minotaur Hexslinger)                Turns: 1151, Time: 00:00:29

Health: 0/36       AC:  5    Str: 12    XL:     4   Next: 28%
Magic:  4/4        EV: 11    Int: 10    God:
Gold:   111        SH:  0    Dex: 15    Spells: 4/5 levels left

rFire   . . .        Y - +1 sling
rCold   . . .        (no shield)
rNeg    . . .        d - +0 ring mail
rPois   .            (helmet restricted)
rElec   .            (no cloak)
rCorr   .            (no gloves)
SInv    .            (no boots)
Will    .....        (no amulet)
Stlth   +            (no ring)
HPRegen 0.26/turn    (no ring)
MPRegen 0.09/turn

%: no passive effects
@: no status effects
A: horns 2, retaliatory headbutt
a: no special abilities


You were on level 2 of the Dungeon.
You visited 1 branch of the dungeon, and saw 2 of its levels.

You collected 111 gold pieces.


Innate Abilities, Weirdness & Mutations

You have a pair of horns on your head.
You reflexively headbutt those who attack you in melee.


   Skills:
 - Level 2.0 Fighting
 + Level 4.5 Ranged Weapons
 - Level 1.3 Armour
 - Level 2.1 Dodging
 - Level 1.0 Spellcasting
 - Level 2.0 Hexes


You had 4 spell levels left.
You knew the following spells:

 Your Spells              Type           Power      Damage    Failure   Level
a - Slow                  Hex            16%        N/A       32%         1

Your spell library contained the following spells:

 Spells                   Type           Power      Damage    Failure   Level
 Inner Flame              Hex/Fire       2%         N/A       83%         3
 Portal Projectile        Hex/Tloc       4%         N/A       83%         3
 Cause Fear               Hex            2%         N/A       97%         4

Inventory:

Hand Weapons
 Y - a +1 sling (weapon)
Armour
 d - a +0 ring mail (worn)
Scrolls
 b - a scroll of identify
 c - a scroll of noise {unknown}
 f - a scroll of blinking {unknown}
Potions
 a - 3 potions of magic {unknown}
 e - a potion of mutation {unknown}
 g - a potion of attraction {unknown}
 h - 2 potions of lignification {unknown}

Dungeon Overview and Level Annotations

Branches:
Dungeon (2/15)

Altars:

Annotations:
D:2 Natasha


Message History

Enter note: You shoot a sling bullet.
The sling bullet closely misses Natasha.
You shoot a sling bullet. The sling bullet hits Natasha.
Natasha is lightly wounded.
A bat comes into view.
Natasha casts a spell.
1144 ||| Stepping ~*~*~tactically~*~*~ (outnumbered).
You shoot a sling bullet.
The sling bullet hits Natasha but does no damage.
Natasha is lightly wounded.
The bat hits you but does no damage.
Natasha casts a spell.
You hear a shout!
You shoot a sling bullet. The sling bullet hits the bat.
You kill the bat!
You shoot a sling bullet.
The sling bullet closely misses Natasha.
Natasha claws you.
The cerulean imp hits you but does no damage.
You shoot a sling bullet.
The sling bullet closely misses Natasha.
The sling bullet hits the cerulean imp.
The cerulean imp is moderately wounded.
Natasha claws you. The cerulean imp misses you. Natasha claws you!
You shoot a sling bullet. The sling bullet barely misses Natasha.
The sling bullet closely misses the cerulean imp.
The cerulean imp hits you from afar with a +2 spear.
Natasha misses you.
You shoot a sling bullet.
The sling bullet closely misses Natasha.
The sling bullet closely misses the cerulean imp.
The cerulean imp hits you from afar with a +2 spear.
Natasha claws you.
The cerulean imp hits you from afar with a +2 spear.
You shoot a sling bullet.
The sling bullet hits Natasha but does no damage.
Natasha is lightly wounded.
Natasha claws you.
You die...

..# .# #.# .# #.# .# #.#
.# #.# #######.# #.#
#######.....#.#
##.###..........@#.######
........%........h.......
##.###...###.....#5##)###
##.#####.# #.....#5#
..%....#.# +.....#.#
##.###.#.# #.....#.#
.#.....#.# #.....#5#
P......#.# #.....#..
~P.....#.#..........


You could see Natasha and 2 cerulean imps.

Vanquished Creatures
  A gnoll (D:2)
  4 adders (D:2)
  2 worms (D:2)
  A dart slug (D:1)
  A ball python (D:2)
  3 endoplasms (D:1)
  4 giant cockroaches
  A goblin (D:2)
  3 hobgoblins (D:1)
  A jackal (D:2)
  4 bats (D:2)
  2 frilled lizards (D:2)
  2 kobolds (D:1)
  6 rats
35 creatures vanquished.

Notes
Turn   | Place    | Note
-------+----------+-------------------------------------------
     0 | D:1      | qw the Minotaur Hexslinger began the quest for the Orb.
     0 | D:1      | Reached XP level 1. HP: 16/16 MP: 1/1
     0 | D:1      | 0 ||| qw: Version: 0.3-a-46-gb1f654a
     0 | D:1      | 0 ||| qw: Game counter: 1016
     0 | D:1      | 0 ||| qw: Melee chars always use a shield: true
     0 | D:1      | 0 ||| qw: God list: Okawaru
     0 | D:1      | 0 ||| qw: Allow faded altars: false
     0 | D:1      | 0 ||| qw: Do Orc after clearing Dungeon:15 true
     0 | D:1      | 0 ||| qw: Do second Lair branch before Depths: true
     0 | D:1      | 0 ||| qw: Lair rune preference: random
     0 | D:1      | 0 ||| qw: Goals: Normal
     0 | D:1      | 0 ||| PLANNING D:1-11
   158 | D:1      | Reached skill level 3 in Ranged Weapons
   158 | D:1      | Reached XP level 2. HP: 23/23 MP: 2/2
   588 | D:1      | 588 ||| UPGRADING to +0 ring mail.
   598 | D:1      | 598 ||| DROPPING +0 robe.
   599 | D:1      | 599 ||| READING scroll labelled DYAFOE OCZEONK.
   600 | D:1      | 600 ||| DROPPING scroll of poison.
   759 | D:2      | Reached XP level 3. HP: 26/29 MP: 3/3
   804 | D:2      | Reached skill level 4 in Ranged Weapons
   817 | D:2      | Reached skill level 1 in Armour
   817 | D:2      | 817 ||| FLEEEEING.
   818 | D:2      | 818 ||| FLEEEEING.
   819 | D:2      | 819 ||| FLEEEEING.
   820 | D:2      | 820 ||| FLEEEEING.
   821 | D:2      | 821 ||| FLEEEEING.
   823 | D:2      | 823 ||| FLEEEEING.
   859 | D:2      | 859 ||| FLEEEEING.
  1036 | D:2      | Reached XP level 4. HP: 27/36 MP: 4/4
  1141 | D:2      | Noticed Natasha
  1144 | D:2      | 1144 ||| Stepping ~*~*~tactically~*~*~ (outnumbered).
  1150 | D:2      | HP: 6/36 [Natasha (4)]
  1151 | D:2      | Slain by Natasha

Levels and vault maps discovered:
D:1:      lightli_arrival_noodles, layout_loops_ring,
          chequers_serial_rivers_large_b, st_stairs_3,
          chequers_serial_rivers_micro_a, nicolae_eternal_life
D:2:      layout_basic, serial_bayou_pond_b, minmay_randomly_rotated_circles,
          uniq_natasha

Skill      XL: |  1  2  3 |
---------------+----------+-----
Ranged Weapons | 3 4 |  4.5
Fighting       | 2 |  2.0
Armour         | 1 |  1.3
Dodging        | |  2.1
Spellcasting   | |  1.0
Hexes          | |  2.0

Action                     |  1- 3 |  4- 6 || total
---------------------------+-------+-------++-------
   Fire: Sling             |   102 |    13 ||   115
    Use: Scroll            |     1 |       ||     1
 Armour: Robe              |     4 |       ||     4
         Ring mail         |    13 |     2 ||    15
  Dodge: Dodged            |    31 |     3 ||    34

Table legend:
 A = Non-vault XP
 B = Vault XP
 C = Vault XP percentage of total XP
 D = Non-vault monster count
 E = Vault monster count
 F = Vault count percentage of total count
                 A         B        C        D         E       F
            +---------+---------+-------+---------+---------+-------
      Total |      80 |      45 |  36.0 |      24 |      11 |  31.4
            +---------+---------+-------+---------+---------+-------
        D:1 |      24 |       2 |   7.7 |      13 |       2 |  13.3
        D:2 |      56 |      43 |  43.4 |      11 |       9 |  45.0
            +---------+---------+-------+---------+---------+-------
